 Dungeon Crawl Stone Soup version 0.30.0-15-g856e2d3f33 (webtiles) character file.

Game seed: 15158369017142670671

492 qw the Chopper (level 7, 0/43 HPs)
             Began as a Gargoyle Fighter on May 20, 2023.
             Slain by a gnoll
             ... wielding a +1 whip of pain
             ... led by a gnoll bouda
              (4 damage)
             ... on level 5 of the Dungeon.
             The game lasted 00:01:15 (3135 turns).

qw the Chopper (Gargoyle Fighter)                   Turns: 3135, Time: 00:01:16

Health: 0/43       AC: 14    Str: 22    XL:     7   Next: 14%
Magic:  7/7        EV:  9    Int:  8    God:
Gold:   213        SH:  4    Dex:  9    Spells: 6/6 levels left

rFire   . . .        Y - +0 war axe
rCold   . . .        c - +0 buckler
rNeg    + + .        b - +0 scale mail
rPois   inf          (no helmet)
rElec   +            (no cloak)
rCorr   .            l - +2 pair of gloves
SInv    .            (no boots)
Will    .....        (no amulet) Stlth
                     g - ring of positive energy
HPRegen 0.27/turn    (no ring)
MPRegen 0.10/turn

%: no passive effects
@: no status effects
A: sickness immunity, AC +4, negative energy resistance 1, electricity
resistance, torment resistance 1, petrification resistance
a: no special abilities


You were on level 5 of the Dungeon.
You visited 1 branch of the dungeon, and saw 5 of its levels.

You collected 213 gold pieces.


Innate Abilities, Weirdness & Mutations

You are immune to sickness and miasma.
Your stone body is resilient. (AC +4)
You are immune to poison.
You resist negative energy. (rN+)
You are resistant to electric shocks. (rElec)
You are resistant to unholy torment.
You are immune to petrification.


   Skills:
 - Level 4.0 Fighting
 + Level 6.3 Axes
 - Level 3.2 Armour
 - Level 1.3 Dodging
 - Level 3.2 Shields


You had 6 spell levels left.
You didn't know any spells.
Your spell library was empty.

Inventory:

Hand Weapons
 a - a +0 club
 Y - a +0 war axe (weapon)
Missiles
 h - 3 boomerangs (quivered)
Armour
 b - a +0 scale mail (worn)
 c - a +0 buckler (worn)
 l - a +2 pair of gloves (worn)
Jewellery
 g - a ring of positive energy (left hand)
Scrolls
 k - a scroll of magic mapping {unknown}
Potions
 d - 2 potions of might
 e - a potion of invisibility {unknown}
 f - a potion of haste {unknown}
 i - a potion of resistance
 j - a potion of brilliance {unknown}
 m - a potion of cancellation {unknown}
 n - a potion of heal wounds {unknown}
 o - a potion of attraction {unknown}
 p - a potion of degeneration {unknown}
 q - a potion of curing

Dungeon Overview and Level Annotations

Branches:
Dungeon (5/15)
 Temple: D:4-7

Altars:


Message History

The gnoll hits you but does no damage. You block the gnoll's attack.
The gnoll bouda hits you but does no damage.
You barely miss the gnoll.
The gnoll is lightly wounded.
You hit the gnoll bouda. You hit the gnoll. You block the gnoll's attack.
The gnoll closely misses you.
The gnoll hits you with a +1 whip of pain.
The gnoll bouda hits you but does no damage.
The gnoll completely misses you.
You barely miss the gnoll bouda.
The gnoll bouda is moderately wounded.
You hit the gnoll. x2
Your attacks no longer feel as feeble.
The gnoll hits you with a +0 whip. The gnoll hits you but does no damage.
The gnoll bouda gazes fiercely through you!
You feel your attacks grow feeble. The gnoll bouda closely misses you.
The gnoll closely misses you. x2
You hit the gnoll.
The gnoll is almost dead.
You hit the gnoll bouda. You barely miss the gnoll.
The gnoll is no longer moving quickly. x2; You block the gnoll's attack.
The gnoll bouda hits you but does no damage.
An orc comes into view. It is wielding a +0 whip.
You block the gnoll's attack. The gnoll barely misses you.
The gnoll hits you but does no damage.
You hit the gnoll.
You kill the gnoll!
You hit the gnoll bouda but do no damage.
You hit the gnoll. The gnoll bouda closely misses you.
The gnoll barely misses you.
The gnoll hits you with a +1 whip of pain!
The gnoll bouda barks out a call to the hunt!
The gnolls pick up the pace!
You hit the gnoll.
The gnoll is severely wounded.
You hit the gnoll bouda.
Your attacks no longer feel as feeble.
The gnoll hits you but does no damage.
The gnoll hits you with a +1 whip of pain.
You die...

#.....##..##.... ..#.
#.....#....#....
#####.#.##..........#....
......#.###....#....#####
........####........# #
........##........(.# #
........#..##.......# #
........).######.########
.......g@........# #....
......gg)######### #....
......o### #.... .#####.
#.... #. #.... oo #####
.o >.. ..o


You could see a gnoll bouda, 2 gnolls and an orc.

Vanquished Creatures
  Sigmund (D:3)
  A black bear (D:4)
  A scorpion (D:4)
  An iguana (D:5)
  2 gnolls (D:5)
  8 adders
  5 dart slugs
  4 orcs
  5 bats
  7 endoplasms
  A giant cockroach (D:2)
  3 goblins
  9 hobgoblins
  3 kobolds
  A quokka (D:3)
  5 ball pythons
  A frilled lizard (D:1)
  4 rats
62 creatures vanquished.

Notes
Turn   | Place    | Note
-------+----------+-------------------------------------------
     0 | D:1      | qw the Gargoyle Fighter began the quest for the Orb.
     0 | D:1      | Reached XP level 1. HP: 14/14 MP: 1/1
     0 | D:1      | 0 ||| qw: Version: 0.2-a-97-g499787f
     0 | D:1      | 0 ||| qw: Game counter: 40
     0 | D:1      | 0 ||| qw: Always use a shield: true
     0 | D:1      | 0 ||| qw: God list: Okawaru
     0 | D:1      | 0 ||| qw: Allow faded altars: false
     0 | D:1      | 0 ||| qw: Do Orc after D:15 true
     0 | D:1      | 0 ||| qw: Do second Lair branch before Depths: true
     0 | D:1      | 0 ||| qw: Lair rune preference: random
     0 | D:1      | 0 ||| qw: Plans: Normal, Zot:1-4, God:TSO, Crypt, Tomb,
                  | Pan, Slime:5, Hells, Abyss, Win
     0 | D:1      | 0 ||| PLANNING D:1-11
    80 | D:1      | Reached skill level 2 in Axes
    82 | D:1      | Found a faded altar of an unknown god.
   228 | D:1      | Reached XP level 2. HP: 15/19 MP: 2/2
   253 | D:1      | 253 ||| Stepping ~*~*~tactically~*~*~ (hiding).
   256 | D:1      | 256 ||| Stepping ~*~*~tactically~*~*~ (hiding).
   257 | D:1      | 257 ||| Stepping ~*~*~tactically~*~*~ (hiding).
   456 | D:1      | Reached skill level 3 in Axes
   501 | D:1      | Reached XP level 3. HP: 23/23 MP: 3/3
   575 | D:1      | 575 ||| READING scroll labelled GEFFAH TEUZUSS.
   576 | D:1      | 576 ||| READING scroll labelled MUNITUBLOM.
  1132 | D:2      | Reached XP level 4. HP: 24/28 MP: 4/4
  1601 | D:2      | 1601 ||| READING scroll labelled ACOURUOLYU.
  1702 | D:2      | 1702 ||| READING 3 scrolls labelled IZXAMA RUSUSA.
  1703 | D:2      | 1703 ||| DRINKING 2 metallic ruby potions.
  1721 | D:3      | Reached skill level 4 in Axes
  1745 | D:3      | Noticed Sigmund
  1746 | D:3      | 1746 ||| Stepping ~*~*~tactically~*~*~ (hiding).
  1754 | D:3      | 1754 ||| DRINKING potion of curing.
  1754 | D:3      | 1754 ||| (to cure confusion)
  1762 | D:3      | Killed Sigmund
  1763 | D:3      | Reached skill level 5 in Axes
  1763 | D:3      | Reached XP level 5. HP: 32/32 MP: 5/5
  1763 | D:3      | Reached XP level 6. HP: 37/37 MP: 6/6
  1972 | D:3      | 1972 ||| Stepping ~*~*~tactically~*~*~ (stealth).
  1983 | D:3      | 1983 ||| Stepping ~*~*~tactically~*~*~ (stealth).
  2110 | D:3      | 2110 ||| Stepping ~*~*~tactically~*~*~ (stealth).
  2179 | D:3      | 2179 ||| READING scroll labelled YVVALAFUOM.
  2180 | D:3      | 2180 ||| READING scroll labelled QUNLOA QORYAS.
  2205 | D:4      | 2205 ||| Stepping ~*~*~tactically~*~*~ (hiding).
  2419 | D:4      | 2419 ||| Stepping ~*~*~tactically~*~*~ (hiding).
  2584 | D:4      | Reached skill level 1 in Dodging
  2898 | D:4      | Noticed a black bear
  2906 | D:4      | Killed a black bear
  2907 | D:4      | Reached skill level 6 in Axes
  2907 | D:4      | Reached XP level 7. HP: 43/43 MP: 7/7
  2957 | D:4      | 2957 ||| UPGRADING to +0 pair of gloves.
  2962 | D:4      | 2962 ||| READING 2 scrolls of enchant armour.
  2962 | D:4      | 2962 ||| ENCHANTING +0 pair of gloves.
  2963 | D:4      | 2963 ||| READING scroll of enchant armour.
  2963 | D:4      | 2963 ||| ENCHANTING +1 pair of gloves.
  2964 | D:4      | 2964 ||| UPGRADING to ring of positive energy.
  2965 | D:4      | 2965 ||| DRINKING 2 fuming green potions.
  3015 | D:5      | Entered Level 5 of the Dungeon
  3118 | D:5      | 3118 ||| Stepping ~*~*~tactically~*~*~ (stealth).
  3132 | D:5      | HP: 10/43 [gnoll/+0 whip[a gnoll bouda] (2)]
  3134 | D:5      | HP: 4/43 [gnoll/+1 whip of pain[a gnoll bouda] (7)]
  3135 | D:5      | Slain by a gnoll

Levels and vault maps discovered:
D:1:      lemuel_arrival_muddy, layout_basic, shapermc_ecumenical_altar_venn
D:2:      layout_loops_corners, st_stairs_14
D:3:      layout_rooms, uniq_sigmund
D:4:      layout_loops_ring
D:5:      layout_basic, lemuel_tele_altar, kennysheep_generic_room_2

Skill      XL: |  1  2  3  4  5  6 |
---------------+-------------------+-----
Axes           | 2 3 5 6 |  6.3
Fighting       | 4 |  4.0
Dodging        | 1 |  1.3
Armour         | |  3.2
Shields        | |  3.2

Action                     |  1- 3 |  4- 6 |  7- 9 || total
---------------------------+-------+-------+-------++-------
  Melee: War axe           |    78 |    77 |    24 ||   179
  Throw: Boomerang         |    24 |    28 |     8 ||    60
    Use: Scroll            |     2 |     4 |     2 ||     8
         Potion            |       |     2 |     1 ||     3
 Armour: Scale mail        |    37 |    40 |    19 ||    96
  Dodge: Dodged            |    39 |    37 |    17 ||    93
  Block: Buckler           |    14 |    16 |     9 ||    39

Table legend:
 A = Non-vault XP
 B = Vault XP
 C = Vault XP percentage of total XP
 D = Non-vault monster count
 E = Vault monster count
 F = Vault count percentage of total count
                 A         B        C        D         E       F
            +---------+---------+-------+---------+---------+-------
      Total |     475 |     228 |  32.4 |      60 |       2 |   3.2
            +---------+---------+-------+---------+---------+-------
        D:1 |      34 |       0 |   0.0 |      16 |       0 |   0.0
        D:2 |      62 |       2 |   3.1 |      16 |       1 |   5.9
        D:3 |      32 |     226 |  87.6 |      10 |       1 |   9.1
        D:4 |     261 |       0 |   0.0 |      11 |       0 |   0.0
        D:5 |      86 |       0 |   0.0 |       7 |       0 |   0.0
            +---------+---------+-------+---------+---------+-------
